Map: Dusk Towers

Players

CMStormPolt (Polt) - Winner!

  • Race: Terran Terran
  • League: Grandmaster

JonSnow

  • Race: Zerg Zerg
  • League: Grandmaster

VOD

Have the link to the VOD?

Description

Time

  • Played on: Feb. 13, 2016, 7:24 p.m.
  • Length: 7:51
Show
View Real Time Build Order
Export as new Build Order

CMStormPolt Terran - Winner!

Build Orders: MMM Bio 

Get SALT Encoding   

  12  0:00  SCV  
  13  0:12  SCV  
  14  0:17  Supply Depot  
  14  0:25  SCV  
  15  0:38  SCV  
  15  0:40  Barracks  
  16  0:50  SCV  
  17  1:03  SCV  
  18  1:13  Command Center  
  18  1:15  SCV  
  19  1:27  Orbital Command  
  19  1:28  Marine  
  20  1:35  Supply Depot  
  20  1:44  Refinery  
  20  1:45  Refinery  
  20  1:47  Marine  
  20  1:53  SCV  
  22  2:05  SCV, Marine  
  24  2:17  SCV  
  25  2:23  Marine  
  25  2:26  Orbital Command  
  25  2:29  Factory, SCV  
  27  2:37  Barracks  
  27  2:41  SCV  
  28  2:49  Barracks Reactor  
  28  2:52  SCV  
  28  2:53  SCV  
  30  3:04  SCV  
  31  3:05  SCV  
  32  3:13  Starport  
  32  3:18  SCV x2  
  34  3:20  Supply Depot  
  34  3:27  Barracks Reactor  
  34  3:29  Hellion x2  
  34  3:30  SCV x2  
  34  3:33  Supply Depot, Barracks Tech Lab  
  40  3:42  SCV x2  
  42  3:49  Viking  
  42  3:51  Hellion x2, Marine  
  42  3:52  Stimpack  
  42  3:54  SCV x2  
  51  4:02  Supply Depot  
  51  4:06  SCV x2  
  53  4:10  Marine x2  
  53  4:12  Hellion x2, Marine  
  60  4:18  SCV x2  
  62  4:28  Marine x2  
  62  4:29  Marine  
  65  4:41  Medivac x2  
  65  4:42  Supply Depot  
  65  4:44  SCV  
  70  4:46  Factory Reactor  
  70  4:53  Armory  
  70  4:57  Refinery  
  70  4:58  Refinery  
  70  5:01  Command Center  
  70  5:04  SCV x2, Marine x3  
  75  5:11  Engineering Bay  
  75  5:13  Supply Depot, Engineering Bay  
  75  5:16  SCV x2  
  77  5:26  Marine  
  78  5:31  Factory Tech Lab  
  78  5:35  SCV x2, Marine x2  
  82  5:40  Starport Reactor  
  82  5:43  Barracks  
  82  5:44  Barracks  
  82  5:46  Barracks  
  82  5:47  Terran Infantry Armor Level 1, Terran Infantry Weapons Level 1  
  82  5:52  Siege Tank  
  82  5:56  Combat Shields  
  85  6:04  Marine x3  
  78  6:14  SCV x2  
  78  6:15  Orbital Command  
  77  6:21  Marine x2  
  77  6:22  Marine  
  80  6:26  Siege Tank, SCV x2  
  80  6:30  Medivac x2  
  80  6:31  Marine x2  
  80  6:32  Barracks Reactor  
  91  6:33  Marine x2  
  91  6:36  Supply Depot, Orbital Command  
  93  6:40  Supply Depot  
  93  6:43  Supply Depot  
  93  6:45  SCV x2  
  92  7:00  Marine x6  
  92  7:01  Siege Tank, Marine  
  99  7:02  SCV x3  
  99  7:05  Supply Depot  
  99  7:06  Supply Depot  
  105  7:14  SCV x3  
  108  7:18  Refinery  
  108  7:19  Missile Turret  
  108  7:21  Refinery  
  108  7:24  Marine x4  
  108  7:25  Marine x5  
Show
View Real Time Build Order
Export as new Build Order

JonSnow Zerg 

Build Orders: Hatch First 

Get SALT Encoding   

  12  0:01  Drone  
  13  0:12  Overlord  
  13  0:17  Drone  
  14  0:30  Drone x2  
  14  0:35  Drone  
  17  0:52  Hatchery  
  17  0:56  Drone  
  17  1:03  Extractor  
  16  1:06  Drone  
  17  1:17  Drone, Spawning Pool  
  17  1:21  Drone  
  18  1:28  Overlord  
  18  1:38  Drone  
  19  2:04  Queen x2  
  19  2:05  Zergling x6  
  26  2:08  Metabolic Boost  
  26  2:13  Drone  
  27  2:17  Drone  
  27  2:21  Drone  
  29  2:27  Drone  
  30  2:32  Drone  
  31  2:40  Overlord  
  31  2:47  Drone x2  
  33  2:53  Drone  
  33  2:58  Queen  
  36  3:01  Hatchery, Drone  
  36  3:04  Drone  
  37  3:09  Overlord  
  37  3:13  Drone x3  
  37  3:15  Drone  
  37  3:17  Drone  
  37  3:19  Drone  
  43  3:21  Drone  
  43  3:26  Overlord  
  44  3:30  Extractor  
  44  3:31  Extractor  
  44  3:33  Roach Warren  
  41  3:41  Drone x3  
  44  3:47  Drone x5  
  49  3:54  Spore Crawler  
  49  3:55  Queen  
  48  3:58  Drone  
  51  4:03  Drone x3  
  51  4:09  Overlord  
  54  4:17  Overlord  
  54  4:19  Roach x3  
  54  4:21  Roach  
  62  4:28  Lair  
  62  4:29  Overlord  
  62  4:38  Drone x3  
  62  4:39  Evolution Chamber x2  
  62  4:43  Drone x2  
  64  4:48  Drone x3  
  67  4:57  Drone x4  
  71  5:00  Extractor  
  71  5:01  Roach x3  
  76  5:07  Zerg Missile Weapons Level 1  
  76  5:09  Zerg Ground Armor Level 1  
  76  5:19  Overlord x3  
  76  5:29  Glial Reconstitution  
  76  5:38  Drone x12  
  88  5:45  Overlord  
  88  5:47  Roach x2  
  88  5:49  Roach x2  
  96  5:55  Extractor, Drone x2  
  96  5:57  Extractor  
  96  6:03  Roach x3  
  95  6:05  Roach x4  
  95  6:10  Roach  
  102  6:26  Overlord  
  102  6:33  Hatchery  
  102  6:34  Overlord x2  
  102  6:35  Overlord  
  101  6:42  Overlord  
  101  6:45  Ravager x2  
  101  6:46  Ravager x5  
  107  6:56  Roach x5  
  107  7:00  Roach  
  119  7:07  Roach x2  
  123  7:09  Ravager  
  123  7:10  Ravager  
  125  7:18  Roach x2  
Tags
 
Add a new tag
Caveats
  • Supply blocks, unpowered buildings, or Contaminate may cause inaccurate times.
  • Supply counts are checked every 10 seconds.